 Dungeon Crawl Stone Soup version 0.31.0-12-g77e489cdc1 (webtiles) character file.

Game seed: 2222097607436022614

85 Peloso the Covered (level 4, -1/40 HPs)
             Began as a Minotaur Fighter on Feb 17, 2024.
             Succumbed to an orc wizard's poison
             ... on level 1 of the Dungeon.
             The game lasted 00:01:32 (1189 turns).

Peloso the Covered (Minotaur Fighter)               Turns: 1189, Time: 00:01:33

Health: -1/40      AC:  7    Str: 21    XL:     4   Next: 25%
Magic:  3/3        EV:  9    Int:  5    God:
Gold:   37         SH:  4    Dex: 11    Spells: 3/3 levels left

rFire   . . .        a - +0 long sword
rCold   . . .        c - +0 buckler
rNeg    . . .        b - +0 scale mail
rPois   .            (helmet restricted)
rElec   .            (no cloak)
rCorr   .            (no gloves)
SInv    .            (no boots)
Will    .....        (no amulet) Stlth
                     (no ring)
HPRegen 0.26/turn    (no ring)
MPRegen 0.08/turn

%: no passive effects
@: lethally poisoned (-1 -> -16)
A: horns 2, retaliatory headbutt
a: no special abilities


You were on level 1 of the Dungeon.
You visited 1 branch of the dungeon, and saw 2 of its levels.

You collected 37 gold pieces.

Inventory:

Hand Weapons
 a - a +0 long sword (weapon)
Armour
 b - a +0 scale mail (worn)
 c - a +0 buckler (worn)
Scrolls
 f - a scroll of identify
 g - a scroll of teleportation
Potions
 d - 2 potions of might


   Skills:
 + Level 4.2 Fighting
 + Level 3.9 Long Blades
 + Level 4.3 Armour
 + Level 0.5 Dodging
 + Level 4.1 Shields


You had 3 spell levels left.
You didn't know any spells.
Your spell library contained the following spells:

 Spells                   Type           Power      Damage    Failure   Level
 Inner Flame              Hex/Fire       0%         N/A       99%         3
 Flame Wave               Conj/Fire      0%         2d4       100%        4
 Sticky Flame             Fire/Alch      0%         2d4       100%        4


Dungeon Overview and Level Annotations

Branches:
Dungeon (2/15)

Altars:


Innate Abilities, Weirdness & Mutations

You have a pair of horns on your head.
You reflexively headbutt those who attack you in melee.


Message History

You block the orc wizard's attack.
The orc wizard hits you but does no damage.
You are more poisoned.
The orc wizard points at you and mumbles some strange words.
The puff of flame hits you! You block the orc wizard's attack.
Okay, then.
You barely miss the orc wizard.
You feel very sick.
The orc wizard hits you with a +0 dagger.
The orc wizard closely misses you.
Unknown command.
You slash the orc wizard! Your headbutt misses the orc wizard.
The orc wizard is heavily wounded.
You feel very sick.
The orc wizard hits you but does no damage. x2
You are lethally poisoned!
Unknown command.
You closely miss the orc wizard. You headbutt the orc wizard!
You kill the orc wizard!
* * * LOW HITPOINT WARNING * * *
You feel very sick. The orc wizard barely misses you.
You have reached level 4!
You feel stronger.
You closely miss the orc wizard. Your headbutt misses the orc wizard.
* * * LOW HITPOINT WARNING * * *
You feel very sick.
The orc wizard points at you and mumbles some strange words.
You resist with some effort.
Unknown command.
You slash the orc wizard! You headbutt the orc wizard.
The orc wizard is almost dead.
* * * LOW HITPOINT WARNING * * *
You feel sick. The orc wizard closely misses you.
The orc wizard hits you but does no damage.
You are more poisoned.
Unknown command.
You slash the orc wizard!
You kill the orc wizard!
You die...

# #....## #.####..# ##)_.## # #
###.## #.##....####.....### # #.#
#.##.##.#.#...#...#. #.#
#.##.##......###.... ##'##
#.......##..## ##..# ##...##
####.######..# #..## ##.....##
##.# #### #.## ##.......## ##))#
#..##
##.........####.@[###########...#
.'.........'.)...................
##.........####.....#########...#
##.......## #.#.....# #..##
##.....## ##.....## #.## ##...##
#....## #.# ######+## #.#.## ##.#
#.......# #.### #..# #.####..#
#.# #.##


There were no monsters in sight!

Vanquished Creatures
  3 orc wizards (D:1)
  2 dart slugs (D:1)
  An orc (D:1)
  An endoplasm (D:1)
  2 goblins (D:1)
  3 hobgoblins (D:1)
  2 jackals (D:1)
  A quokka (D:1)
  6 ball pythons (D:1)
  3 bats (D:1)
  A frilled lizard (D:1)
  6 kobolds (D:1)
  A rat (D:1)
32 creatures vanquished.

Notes
Turn   | Place    | Note
-------+----------+-------------------------------------------
     0 | D:1      | Peloso the Minotaur Fighter began the quest for the Orb.
     0 | D:1      | Reached XP level 1. HP: 19/19 MP: 0/0
    33 | D:1      | Found a faded altar of an unknown god.
   267 | D:1      | Reached XP level 2. HP: 27/27 MP: 1/1
   707 | D:1      | Reached XP level 3. HP: 33/33 MP: 2/2
  1187 | D:1      | Reached XP level 4. HP: 8/40 MP: 3/3
  1189 | D:1      | Succumbed to an orc wizard's poison

Illustrated notes

Levels and vault maps discovered:
D:1:      amcnicky_arrival_feature_with_door, layout_loops_corners,
          nicolae_ecumenical_snake_handling, minmay_misc_feat_alley,
          nicolae_hexahallways
D:2:      layout_loops_ring, serial_shops, shop

Skill      XL: |  1  2 |
---------------+-------+-----
Armour         | 4 |  4.3
Shields        | 4 |  4.1
Fighting       | 4 |  4.2
Long Blades    | 3 |  3.9
Dodging        | |  0.5

Action                     |  1- 3 |  4- 6 || total
---------------------------+-------+-------++-------
  Melee: Long sword        |    89 |     3 ||    92
         Headbutt          |     6 |     1 ||     7
    Use: Scroll            |     2 |       ||     2
         Potion            |     1 |       ||     1
 Armour: Scale mail        |    94 |     1 ||    95
  Dodge: Dodged            |    43 |     1 ||    44
  Block: Buckler           |    28 |       ||    28
